[Event "Late-Titled-Tuesday-Blitz-June-04-2024"]
[Site "Chess.com"]
[Date "2024.06.04"]
[Round "2"]
[White "igorkovalenko"]
[Black "Noki102"]
[Result "1-0"]
[WhiteElo "3009"]
[BlackElo "2519"]
[TimeControl "180+1"]
[EndTime "14:17:16 PDT"]
[Termination "igorkovalenko won by resignation"]

1. e4 e5 2. Nf3 Nc6 3. Bb5 a6 4. Bxc6 dxc6 5. O-O Qf6 6. d4 exd4 7. Bg5 Qd6 8. Nxd4 Bd7 9. Bh4 Qh6 10. Bg3 O-O-O 11. Qf3 Nf6 12. Nf5 Qg6 13. Qf4 Ne8 14. Nc3 Bxf5 15.
exf5 Qf6 16. Rad1 Rxd1 17. Rxd1 Bd6 18. Qf3 Bxg3 19. hxg3 Nd6 20. g4 Re8 21. b3 h6 22.
g3 Qe5 23. Kg2 Kb8 24. Rd3 Qc5 25. Qf4 Nb5 26. Nxb5 cxb5 27. Rd2 Qc6+ 28. Qf3 Qxf3+ 29. Kxf3 Kc8 30. Kg2 Rd8 31. Re2 Kd7 32. f4 Re8 33.
Rd2+ Ke7 34. g5 hxg5 35. fxg5 a5 36. Kf3 Rh8 37. Re2+ Kd7 38. f6 gxf6 39. gxf6 Re8 40. Rxe8 Kxe8 41. Ke4 Kf8 42. Kf5 Kg8 43. Kg5 Kh7 44. g4 a4 45. Kh5 axb3 46. axb3 b4 47. Kg5 b5 48. Kh5 c5 49. Kg5 c4 50. Kh5 cxb3 51.
cxb3 Kg8 52. Kh6 Kh8 53. g5 Kg8 54. g6 Kh8 55. g7+ Kg8 56. Kg5 Kh7 57. Kf5 Kg8 58. Ke5 1-0

[Event "Late-Titled-Tuesday-Blitz-June-04-2024"]
[Site "Chess.com"]
[Date "2024.06.04"]
[Round "2"]
[White "HanSchut"]
[Black "jaskol95"]
[Result "0-1"]
[WhiteElo "2264"]
[BlackElo "2573"]
[TimeControl "180+1"]
[EndTime "14:17:16 PDT"]
[Termination "jaskol95 won on time"]

1. e4 d5 2. exd5 Nf6 3. Bb5+ Nbd7 4. d4 a6 5. Be2 Nxd5 6. c4 N5f6 7. Be3 e6 8. Nc3 Bd6 9. Nf3 c6 10. O-O O-O 11.
h3 e5 12. dxe5 Nxe5 13. Qd2 Be6 14. b3 Nxf3+ 15. Bxf3 Be5 16. Qxd8 Raxd8 17. Rac1 Bf5 18.
Rfd1 Rxd1+ 19. Nxd1 Rd8 20. Bb6 Rd2 21. Ne3 Bg6 22.
Rd1 Rxd1+ 23. Bxd1 Kf8 24. Kf1 Ne4 25. Bc2 Nc3 26. Bxg6 hxg6 27. a4 Ke7 28. Ke1 Kd6 29. Nc2 c5 30. Ba5 Ne4 31. Bd2 Kc6 32. Ne3 Nd6 33.
Nd5 Nf5 34. f4 Bf6 35. Nxf6 gxf6 36. Bc3 Nd4 37. Bxd4 cxd4 38. b4 a5 39. b5+ Kc5 40. h4 f5 41. g4 fxg4 42. f5 g3 0-1

[Event "Late-Titled-Tuesday-Blitz-June-04-2024"]
[Site "Chess.com"]
[Date "2024.06.04"]
[Round "2"]
[White "Chessdude1987"]
[Black "Rodalquilar"]
[Result "0-1"]
[WhiteElo "2397"]
[BlackElo "2789"]
[TimeControl "180+1"]
[EndTime "14:17:16 PDT"]
[Termination "Rodalquilar won on time"]

1. e4 d5 2. exd5 Qxd5 3. Nc3 Qa5 4. Bc4 Nf6 5. d4 Bg4 6. f3 Bf5 7. Ne2 Nc6 8. g4 Bg6 9. g5 Nh5 10. Be3 O-O-O 11. Qd2 e5 12. d5 Nb4 13. Bb3 c6 14. O-O-O cxd5 15. a3 d4 16. axb4 Bxb4 17. Kb1 dxc3 18.
Qc1 cxb2 19. Qxb2 Nf4 20. Nxf4 exf4 21. Bxf4 Bc3 22. Qa2 Qb4 23. Be3 a5 24. Kc1 Rhe8 25. Bf2 b5 26. Rhf1 a4 27. Rxd8+ Rxd8 28. Rd1 Rxd1+ 29.
Kxd1 Qd6+ 30. Bd5 Bf5 31. Ke2 Qe5+ 32. Kf1 Bh3+ 33. Kg1 Qxg5+ 34. Bg3 Bd4+ 35. Kh1 Qc1+ 0-1

[Event "Late-Titled-Tuesday-Blitz-June-04-2024"]
[Site "Chess.com"]
[Date "2024.06.04"]
[Round "2"]
[White "mfschulz"]
[Black "almaguerjm"]
[Result "0-1"]
[WhiteElo "2240"]
[BlackElo "2497"]
[TimeControl "180+1"]
[EndTime "14:17:18 PDT"]
[Termination "almaguerjm won on time"]

1. d4 d5 2. Bg5 c5 3. Nc3 Nc6 4. e3 h6 5. Bh4 g5 6. Bg3 Bg7 7. dxc5 Qa5 8. Ne2 Nf6 9. Qd2 Qxc5 10. O-O-O Be6 11. Nd4 O-O 12. h4 Rac8 13. Nxe6 fxe6 14.
hxg5 hxg5 15. Bd3 Kf7 16. f4 gxf4 17. Bxf4 Rh8 18. Rxh8 Rxh8 19. e4 d4 20. Na4 Qb4 21. Qxb4 Nxb4 22. a3 Nxd3+ 23. cxd3 Ng4 24. Nc5 b6 25. Nb3 e5 26. Bd2 Kg6 27. Bb4 Bf6 28. Nd2 Nf2 29. Rf1 Nxd3+ 30. Kc2 Nf4 31. Nf3 Rc8+ 32.
Kb3 Nd3 33. Nd2 b5 34. Ba5 e6 35. g4 Be7 0-1

[Event "Late-Titled-Tuesday-Blitz-June-04-2024"]
[Site "Chess.com"]
[Date "2024.06.04"]
[Round "2"]
[White "xasid81"]
[Black "HansOnTwitch"]
[Result "0-1"]
[WhiteElo "2631"]
[BlackElo "3127"]
[TimeControl "180+1"]
[EndTime "14:17:19 PDT"]
[Termination "HansOnTwitch won on time"]

1. d4 Nf6 2. Nf3 d5 3. c3 Bf5 4.
Qb3 b6 5. Bf4 e6 6. Nbd2 Bd6 7.
Bxd6 cxd6 8. e3 O-O 9. Be2 h6 10.
O-O Nc6 11. Rfc1 e5 12. Qa4 Bd7 13. Bb5 Qe8 14. Bxc6 Bxc6 15. Qa3 Qe6 16. h3 Rfc8 17.
b3 a5 18. Qb2 e4 19. Nh2 b5 20.
a3 Bd7 21. Qa2 Rab8 22. c4 bxc4 23. bxc4 dxc4 24. Rxc4 a4 25. Rxc8+ Rxc8 26. Qb2 Qd5 27. Rc1 Rxc1+ 28. Qxc1 Qg5 29. Kh1 Qb5 30. Nhf1 Qd3 31.
Kg1 h5 32. Nc4 Nd5 33. Nxd6 Nc3 34. Qd2 Be6 35. Qxd3 exd3 36. Nd2 Kf8 37. f3 Ke7 38. N6e4 Nb5 39. Nc5 Nxa3 40. Nxa4 Nc4 41. Nxc4 Bxc4 42.
Nb2 d2 43. Kf2 f5 44. e4 f4 45. Nd1 h4 46. Nb2 Bb5 47. Nd1 Kd6 48. Nc3 Bc4 49. Nd1 Kc6 50. d5+ Kc5 0-1

[Event "Late-Titled-Tuesday-Blitz-June-04-2024"]
[Site "Chess.com"]
[Date "2024.06.04"]
[Round "2"]
[White "bubeliang"]
[Black "Bilan_Danila"]
[Result "1-0"]
[WhiteElo "2850"]
[BlackElo "2551"]
[TimeControl "180+1"]
[EndTime "14:17:23 PDT"]
[Termination "bubeliang won by resignation"]

1. e4 c6 2. d4 d5 3. Nc3 b5 4.
a3 e6 5. Nf3 b4 6. axb4 Bxb4 7.
exd5 cxd5 8. Bd3 Nf6 9. O-O a5 10. Ne2 Ba6 11. Ne5 Bxd3 12. Qxd3 O-O 13. Bg5 h6 14.
Bh4 Be7 15. c3 Nfd7 16. Bxe7 Qxe7 17. f4 Nxe5 18. fxe5 Nd7 19. Nf4 Rfb8 20. Ra2 a4 21. h3 Nf8 22. Rf3 a3 23. b4 Qh4 24. Kh2 Nh7 25.
Qe3 Ng5 26. Rg3 Ne4 27. Rg4 Qe7 28. Nh5 g5 29. Rxe4 dxe4 30. Qxe4 f5 31. exf6 Qc7+ 32. Ng3 Qf7 33. Qe5 Rd8 34. c4 Rf8 35. Ne4 Rfb8 36.
b5 Rc8 37. Nd6 Qh5 38. f7+ Kf8 39. Qh8+ Ke7 40. Nxc8+ Rxc8 41. Qxc8 1-0

[Event "Late-Titled-Tuesday-Blitz-June-04-2024"]
[Site "Chess.com"]
[Date "2024.06.04"]
[Round "2"]
[White "eljanov"]
[Black "DishonorOnYourCow"]
[Result "1-0"]
[WhiteElo "2911"]
[BlackElo "2575"]
[TimeControl "180+1"]
[EndTime "14:17:24 PDT"]
[Termination "eljanov won by resignation"]

1. e4 c5 2. Nf3 d6 3. Bc4 e6 4. O-O a6 5. a4 Nc6 6. Re1 Nf6 7.
Nc3 Be7 8. d4 cxd4 9. Nxd4 O-O 10. Be3 Bd7 11. Nxc6 Bxc6 12. a5 Qc8 13. Bd3 d5 14. e5 Ne4 15. Bxe4 dxe4 16. Qg4 Qc7 17. Qg3 f5 18. exf6 Qxg3 19. f7+ Rxf7 20. hxg3 Bf6 21.
Ra3 Bxc3 22. Rxc3 Rd7 23. g4 Rad8 24. Kh2 Rd1 25. Rxd1 Rxd1 26. Kg3 Kf7 27. Kf4 Rb1 28. b3 Ra1 29. Bb6 Rc1 30. g3 Rd1 31. g5 h6 32.
gxh6 gxh6 33. Rc5 Rd2 34. Rc3 Kf6 35. Be3 Rd5 36. Kg4 Rxa5 37. Bxh6 Rd5 38. Be3 Rd8 39. Rc5 Rg8+ 40. Kf4 Rd8 41. g4 Rg8 42. g5+ Kg6 43.
Ke5 Bd5 44. c4 Bc6 45. Kxe6 Re8+ 46. Kd6 Rd8+ 47. Kc7 Rd7+ 48. Kb6 Rd3 49. b4 Rb3 50. b5 axb5 51. cxb5 Be8 52. Re5 Kf7 53. g6+ Kf8 54. Bc5+ 1-0

[Event "Late-Titled-Tuesday-Blitz-June-04-2024"]
[Site "Chess.com"]
[Date "2024.06.04"]
[Round "2"]
[White "Indefatigable11"]
[Black "Arash_Tahbaz"]
[Result "0-1"]
[WhiteElo "2405"]
[BlackElo "2826"]
[TimeControl "180+1"]
[EndTime "14:17:24 PDT"]
[Termination "Arash_Tahbaz won by resignation"]

1. Nf3 Nf6 2. d4 e6 3. c4 d5 4. Nc3 Be7 5. Bf4 O-O 6. e3 c5 7. dxc5 Bxc5 8. a3 Nc6 9. Qc2 Qa5 10. Rd1 Be7 11. Be2 Ne4 12. cxd5 Nxc3 13. bxc3 exd5 14. O-O h6 15. a4 Bf6 16. Nd4 Nd8 17. Rb1 Bd7 18. Bb5 Nc6 19. Bd6 Rfc8 20. Bxc6 Bxc6 21. Nxc6 Rxc6 22. Bb4 Qc7 23. Qb3 Rc4 24. a5 Qc6 25. Rfd1 Rc8 26. Rd3 Bxc3 27. Bxc3 Rxc3 28. Rxc3 Qxc3 29.
Qxd5 Qc1+ 30. Qd1 Qxd1+ 31. Rxd1 Rc5 32. Ra1 a6 33. Kf1 Rb5 34. Ke2 Rb2+ 35. Kf3 Rb5 36. Ra4 h5 37. Ke4 g6 38. Kd4 Rb2 39. f4 Rxg2 40.
Rb4 Rxh2 41. Rxb7 Ra2 42. Rb6 Rxa5 43. e4 h4 44. e5 h3 45. Rb3 h2 46. Rh3 Ra2 47.
Ke4 a5 48. f5 gxf5+ 49. Kxf5 a4 50. Rg3+ Kf8 51. Rh3 Ke7 52. Rh8 a3 53. Rh7 Rf2+ 54. Ke4 a2 0-1

[Event "Late-Titled-Tuesday-Blitz-June-04-2024"]
[Site "Chess.com"]
[Date "2024.06.04"]
[Round "2"]
[White "IngOscarArdila"]
[Black "ArtemDyachuk"]
[Result "0-1"]
[WhiteElo "2289"]
[BlackElo "2672"]
[TimeControl "180+1"]
[EndTime "14:17:25 PDT"]
[Termination "ArtemDyachuk won by resignation"]

1. d4 Nf6 2. c4 e6 3. Nc3 d5 4.
Bg5 Be7 5. Nf3 h6 6. Bh4 O-O 7. e3 b6 8. cxd5 Nxd5 9. Bxe7 Qxe7 10. Nxd5 exd5 11. Bd3 c5 12. Ne5 cxd4 13. exd4 f6 14.
O-O fxe5 15. dxe5 Qxe5 16. Re1 Qf6 17. Qd2 Bf5 18. Bb5 Be6 19. Re3 Bf7 20. Rc1 Qg5 21. Qd4 a6 22. Ba4 b5 23. Bb3 Nd7 24. h4 Qf6 25.
Qd2 Ne5 26. Bxd5 Rad8 27. Bxf7+ Qxf7 28. Qe2 Ng6 29. g3 Rde8 30. Rcc3 Rxe3 31. Rxe3 Qxa2 32.
Re6 Qb1+ 33. Kg2 Qf5 34. h5 Nh8 35. Rxa6 Nf7 36. Ra7 Ng5 37. Re7 Qh3+ 38. Kg1 Nf3+ 39. Qxf3 Rxf3 0-1

[Event "Late-Titled-Tuesday-Blitz-June-04-2024"]
[Site "Chess.com"]
[Date "2024.06.04"]
[Round "2"]
[White "hansen"]
[Black "Kopytkin"]
[Result "1-0"]
[WhiteElo "3048"]
[BlackElo "2413"]
[TimeControl "180+1"]
[EndTime "14:17:25 PDT"]
[Termination "hansen won on time"]

1. e4 Nf6 2. e5 Nd5 3. c4 Nb6 4. d4 d6 5. exd6 cxd6 6. Nc3 g6 7. Be3 Bg7 8. Rc1 O-O 9. b3 Bf5 10. Be2 d5 11. c5 Nc8 12. b4 Nc6 13. b5 Na5 14. Nf3 Bg4 15. O-O e6 16. Bg5 Ne7 17. Qa4 f6 18. Bd2 Bxf3 19. Bxf3 Nc4 20. Qc2 Nf5 21. Ne2 a6 22. b6 Nxd2 23. Qxd2 Bh6 24. Qd3 Bxc1 25. Rxc1 Ne7 26. Nf4 Qd7 27. Re1 Kf7 28. g3 Rfe8 29. Rxe6 Qxe6 30. Nxe6 Kxe6 31. Qe3+ Kf7 32. Qh6 Kg8 33. Qf4 Kf7 34. Qc7 Rac8 35. Qxb7 Rb8 36. Qa7 Ra8 37. Bxd5+ 1-0

[Event "Late-Titled-Tuesday-Blitz-June-04-2024"]
[Site "Chess.com"]
[Date "2024.06.04"]
[Round "2"]
[White "crescentmoon2411"]
[Black "BerlinDrawer"]
[Result "1-0"]
[WhiteElo "2907"]
[BlackElo "2571"]
[TimeControl "180+1"]
[EndTime "14:17:27 PDT"]
[Termination "crescentmoon2411 won by resignation"]

1. d4 Na6 2. e4 c6 3. Nc3 Nc7 4. h4 d5 5. h5 dxe4 6. Nxe4 Nf6 7. Nxf6+ gxf6 8. Ne2 e5 9. Be3 Nd5 10. Qd2 Bf5 11.
Ng3 Be6 12. a3 a5 13. O-O-O b5 14. Kb1 b4 15. a4 f5 16. dxe5 Rb8 17. Bd3 Nc3+ 18. Ka1 Qd5 19. b3 Qxe5 20. Bf4 Qf6 21. Bg5 Qe5 22. f4 Qd5 23. Bc4 Qxd2 24. Rxd2 h6 25. Bf6 Rg8 26. Nxf5 Nd5 27. Bxd5 cxd5 28. Nd4 Bc5 29. Re1 Kd7 30. f5 Bxd4+ 31. Rxd4 Rxg2 32. fxe6+ fxe6 33. Kb1 Rc8 34. Rc1 Rh2 35. Rh4 Rf2 36. Bg7 Rf5 37. Bxh6 Rh8 38. Be3 Rfxh5 39. Rxh5 Rxh5 40.
Bb6 Kc6 41. Bxa5 Kc5 42. Kb2 e5 43. Rf1 d4 44. Rf8 Rh2 45. Rc8+ Kd5 46. Bxb4 Ke4 47. a5 d3 48. a6 d2 49. Bxd2 Rxd2 50. a7 1-0

[Event "Late-Titled-Tuesday-Blitz-June-04-2024"]
[Site "Chess.com"]
[Date "2024.06.04"]
[Round "2"]
[White "chrisclaireredfield"]
[Black "MatthewG-p4p"]
[Result "0-1"]
[WhiteElo "2558"]
[BlackElo "2888"]
[TimeControl "180+1"]
[EndTime "14:17:28 PDT"]
[Termination "MatthewG-p4p won by resignation"]

1. Nf3 c5 2. c4 g6 3. d4 cxd4 4. Nxd4 Bg7 5. e4 Nc6 6. Be3 Qb6 7. Nb3 Qd8 8. Nd4 Nf6 9. Nc3 O-O 10. Be2 d6 11.
O-O Nxd4 12. Bxd4 a5 13. b3 Bd7 14. Qd2 Bc6 15. f3 Nd7 16. Be3 Nc5 17. Rab1 e6 18.
Rfc1 Be5 19. Bf1 Qe7 20. a3 a4 21. bxa4 Bxa4 22. Nxa4 Rxa4 23. Bxc5 dxc5 24. Rb3 Rd8 25.
Qc2 Qg5 26. Rd1 Bd4+ 27. Kh1 Rda8 28. Qd3 h5 29. g3 h4 30. f4 Qh6 31. Kg2 hxg3 32. hxg3 Kg7 33. e5 Rh8 34. Kf3 Qh5+ 35. Ke4 Qg4 36. Rxb7 Rh2 37. Rdb1 Qf5+ 0-1

[Event "Late-Titled-Tuesday-Blitz-June-04-2024"]
[Site "Chess.com"]
[Date "2024.06.04"]
[Round "2"]
[White "IMJonathanCarlstedt"]
[Black "sergiochess83"]
[Result "0-1"]
[WhiteElo "2563"]
[BlackElo "2902"]
[TimeControl "180+1"]
[EndTime "14:17:29 PDT"]
[Termination "sergiochess83 won by resignation"]

1. c4 e5 2. g3 Nf6 3. Bg2 c6 4. d4 e4 5. d5 Bb4+ 6. Bd2 Bxd2+ 7. Qxd2 cxd5 8. cxd5 O-O 9. Nc3 Re8 10. e3 d6 11.
Nge2 Nbd7 12. O-O h5 13. h4 Nc5 14. b4 Na6 15. a3 Bg4 16. Nf4 Nb8 17. Rfc1 a6 18. Qd4 Qe7 19. Na4 Nbd7 20. Rc7 Qd8 21. Rxb7 Qc8 22. Ra7 Rxa7 23. Qxa7 Qc2 24. Qxa6 Ne5 25.
Nb6 Nf3+ 26. Bxf3 Bxf3 27. Qc4 Qb2 28. Qd4 Qc2 29. a4 Ng4 30. Nh3 Ne5 31. Ng5 Nd3 32.
Rf1 Be2 33. Nh3 Bxf1 34. Kxf1 Qd1+ 35. Kg2 Ne1+ 36. Kh2 Nf3+ 37. Kg2 Nxd4 38. exd4 e3 39. a5 e2 0-1

[Event "Late-Titled-Tuesday-Blitz-June-04-2024"]
[Site "Chess.com"]
[Date "2024.06.04"]
[Round "2"]
[White "SharathRk6"]
[Black "wonderfultime"]
[Result "0-1"]
[WhiteElo "2515"]
[BlackElo "3049"]
[TimeControl "180+1"]
[EndTime "14:17:29 PDT"]
[Termination "wonderfultime won by checkmate"]

1. e4 c5 2. Nf3 Nf6 3. e5 Nd5 4. c3 Nc6 5. d4 cxd4 6. cxd4 d6 7.
Nc3 dxe5 8. Nxd5 Qxd5 9. dxe5 Qxd1+ 10. Kxd1 Bg4 11. Be2 O-O-O+ 12. Bd2 e6 13. Rc1 Bb4 14. Ke1 Bxf3 15. Bxb4 Bxe2 16. Kxe2 Rd5 17. Bd6 f6 18. f4 Kd7 19. Rhd1 Rc8 20. Rxd5 exd5 21. Kd2 Re8 22. Re1 fxe5 23. Bxe5 Nxe5 24. fxe5 Ke6 25. Kd3 Rf8 26. Re2 g5 27. g3 Rf1 28. a3 h5 29. Rc2 Rf3+ 30.
Ke2 Rb3 31. Kd2 h4 32. gxh4 gxh4 33. Kc1 Kxe5 34. Re2+ Kd4 35. Rg2 h3 36. Rg4+ Kc5 37.
Rg7 a5 38. Rg6 Rf3 39. Rh6 Kc4 40. Kb1 d4 41. Rh4 b5 42. Kc2 Rf2+ 43. Kc1 Rxh2 44. b3+ Kc3 45. Rg4 Rh1+ 46. Rg1 Rxg1# 0-1

[Event "Late-Titled-Tuesday-Blitz-June-04-2024"]
[Site "Chess.com"]
[Date "2024.06.04"]
[Round "2"]
[White "fly_21"]
[Black "WilliamAlfaroCaracas"]
[Result "1/2-1/2"]
[WhiteElo "2608"]
[BlackElo "2367"]
[TimeControl "180+1"]
[EndTime "14:17:32 PDT"]
[Termination "Game drawn by repetition"]

1. d4 Nf6 2. c4 c5 3. d5 e6 4. Nc3 exd5 5. cxd5 d6 6. g3 g6 7.
Bg2 Bg7 8. Nf3 O-O 9. O-O Re8 10. Bf4 Ne4 11. Nxe4 Rxe4 12. Nd2 Rb4 13. a3 Rxf4 14. gxf4 Bxb2 15. Rb1 Bg7 16. e4 Nd7 17. a4 Nf6 18. Nc4 Nh5 19. Qf3 Qh4 20. h3 Nxf4 21. Nxd6 Nxh3+ 22. Bxh3 Bxh3 23. Qg3 Qxg3+ 24. fxg3 Bxf1 25.
Rxf1 b6 26. Kg2 Bd4 27. Re1 Rd8 28. Nc4 Kg7 29. Rb1 f5 30. exf5 gxf5 31. a5 Rxd5 32.
axb6 axb6 33. Rxb6 Bf6 34. Rb7+ Kg6 35. Rb6 Rd4 36. Ne3 Rd3 37. Nc4 Rd4 38. Ne3 Rd3 39. Nc4 Rd4 1/2-1/2

[Event "Late-Titled-Tuesday-Blitz-June-04-2024"]
[Site "Chess.com"]
[Date "2024.06.04"]
[Round "2"]
[White "TheoSlade"]
[Black "Darkbluelord"]
[Result "1-0"]
[WhiteElo "2448"]
[BlackElo "2124"]
[TimeControl "180+1"]
[EndTime "14:17:33 PDT"]
[Termination "TheoSlade won by checkmate"]

1. d4 Nf6 2. c4 c5 3. d5 b5 4. cxb5 a6 5. bxa6 Bxa6 6. Nc3 d6 7. e4 Bxf1 8. Kxf1 g6 9. g3 Nbd7 10. Kg2 Bg7 11. Nf3 O-O 12. a4 Qa5 13. Qc2 Rfb8 14. Bd2 Ng4 15. Nb5 Qb6 16. Bc3 Bh6 17. h3 Nge5 18.
Nxe5 Nxe5 19. Bxe5 dxe5 20. Rhb1 Qb7 21. Qc3 Bg7 22.
Qxc5 Rc8 23. Qe3 f5 24. Nc3 Rc4 25. f3 f4 26. Qd3 Rd4 27. Qe2 fxg3 28. Kxg3 Rb4 29.
a5 Qc8 30. Kh2 Qf8 31. a6 Qf4+ 32. Kg2 Rd4 33. Rd1 Rb4 34. Ra4 Rxa4 35. Nxa4 Qf6 36. Nc5 Qb6 37. Rc1 Bh6 38. Rc4 Bf8 39. b4 Rc8 40. Qd3 e6 41. Nxe6 Qxa6 42. Rxc8 Qa2+ 43. Rc2 h5 44. Rxa2 h4 45. Ra8 Kh7 46. Rxf8 Kh6 47. Rh8# 1-0

[Event "Late-Titled-Tuesday-Blitz-June-04-2024"]
[Site "Chess.com"]
[Date "2024.06.04"]
[Round "2"]
[White "Sanan_Sjugirov"]
[Black "Perecke"]
[Result "1/2-1/2"]
[WhiteElo "2945"]
[BlackElo "2607"]
[TimeControl "180+1"]
[EndTime "14:17:35 PDT"]
[Termination "Game drawn by repetition"]

1. e4 c5 2. Nf3 e6 3. d4 cxd4 4.
Nxd4 Nc6 5. Nc3 Qc7 6. f4 a6 7. Nxc6 Qxc6 8. Bd3 Bc5 9. Qg4 Ne7 10. Bd2 O-O 11. Qh5 f5 12. O-O-O b5 13. exf5 Nxf5 14. g4 g6 15. Qh3 Nd4 16. Ne4 Be7 17. Bc3 Ne2+ 18.
Bxe2 Qxe4 19. Bd3 Qxf4+ 20. Bd2 Qf7 21. Rhf1 Qe8 22. Qh6 Rxf1 23. Rxf1 Bf8 24. Qg5 Qe7 25.
Qe5 Bb7 26. Bg5 Bg7 27. Bf6 Bxf6 28. Rxf6 Rf8 29. g5 Rxf6 30. gxf6 Qb4 31. c3 Qh4 32. Qc7 Qe1+ 33. Kc2 Qf2+ 34. Kc1 Qe1+ 35. Kc2 Qf2+ 36. Kc1 Qe1+ 1/2-1/2

[Event "Late-Titled-Tuesday-Blitz-June-04-2024"]
[Site "Chess.com"]
[Date "2024.06.04"]
[Round "2"]
[White "carokannlover213"]
[Black "drdaro"]
[Result "1-0"]
[WhiteElo "2719"]
[BlackElo "2382"]
[TimeControl "180+1"]
[EndTime "14:17:36 PDT"]
[Termination "carokannlover213 won on time"]

1. f3 d6 2. b3 e5 3. Bb2 f5 4. d4 e4 5. e3 exf3 6. Nxf3 Nf6 7. Bc4 Qe7 8. Qe2 g6 9. Nbd2 Bh6 10. O-O-O Be6 11.
Kb1 Nbd7 12. e4 Bxc4 13. Qxc4 fxe4 14. Qxc7 O-O 15. Rhe1 Nd5 16. Qxb7 Ne3 17. Qxe4 Qxe4 18. Nxe4 d5 19. Rxe3 Bxe3 20. Nc3 Nf6 21. Ne5 Rae8 22.
Nb5 Bf4 23. Nxa7 Bxh2 24. a4 Ne4 25. Nac6 Rf2 26. a5 h5 27. a6 h4 28. a7 Ra8 29. b4 Rxg2 30. b5 Bxe5 31. dxe5 h3 32. b6 Nc5 33. Na5 h2 34. Bd4 Nb7 35. Nxb7 Rg4 36. c3 Kf7 37. Nd6+ 1-0

[Event "Late-Titled-Tuesday-Blitz-June-04-2024"]
[Site "Chess.com"]
[Date "2024.06.04"]
[Round "2"]
[White "Meri-Arabidze"]
[Black "YellowJacek"]
[Result "1/2-1/2"]
[WhiteElo "2694"]
[BlackElo "2396"]
[TimeControl "180+1"]
[EndTime "14:17:37 PDT"]
[Termination "Game drawn by repetition"]

1. Nf3 Nf6 2. c4 g6 3. g3 Bg7 4. Bg2 c6 5. O-O O-O 6. d4 d5 7. a4 Bf5 8. a5 Bxb1 9. Rxb1 Qxa5 10. b4 Qa2 11. Nd2 dxc4 12. Bb2 Nd5 13. Qc1 c3 14.
Bxc3 Nxc3 15. Qxc3 Nd7 16. e4 Nb6 17. Nb3 Qe2 18.
Nc5 Rab8 19. Rfe1 Qc4 20. Qxc4 Nxc4 21. Nd7 Bxd4 22. Nxb8 Rxb8 23. Bf1 Nb6 24. e5 Nd5 25. Kg2 Bc3 26. Re4 b5 27. f4 a5 28. bxa5 Bxa5 29.
Ra1 Bb6 30. e6 f5 31. Ree1 Kg7 32. Ra6 Kf6 33. Rea1 Kxe6 34. Kf3 Kd6 35. h3 b4 36. Bc4 Bd4 37. Rd1 Kc5 38. Bb3 Nc3 39. Re1 e5 40. fxe5 Ne4 41. Rxe4 fxe4+ 42. Kxe4 Re8 43. e6 Bc3 44. Ra5+ Kd6 45. Ra7 Re7 46. Rxe7 Kxe7 47. Kd3 Be1 48. g4 c5 49. Bc4 Bf2 50. Ke4 Bd4 51.
Kd5 h5 52. gxh5 gxh5 53. Ke4 h4 54. Kd5 Bf6 55. Kxc5 Bc3 56. Kd5 Be1 57. Ke4 Bc3 58. Kd5 Be1 59. Ke4 Bc3 60. Kd5 1/2-1/2

[Event "Late-Titled-Tuesday-Blitz-June-04-2024"]
[Site "Chess.com"]
[Date "2024.06.04"]
[Round "2"]
[White "CMmauricio"]
[Black "Semetey"]
[Result "1/2-1/2"]
[WhiteElo "2804"]
[BlackElo "2548"]
[TimeControl "180+1"]
[EndTime "14:17:38 PDT"]
[Termination "Game drawn by repetition"]

1. f4 c6 2. Nf3 d5 3. e3 Bg4 4. Be2 Nd7 5. Ne5 Bxe2 6. Qxe2 Nxe5 7. fxe5 e6 8. O-O Ne7 9. d4 Nf5 10. c3 Be7 11. e4 dxe4 12. Qxe4 Qd5 13. Nd2 h5 14.
Qxd5 cxd5 15. Nf3 f6 16. exf6 gxf6 17. Bf4 Kd7 18. Rae1 Rhg8 19. Re2 Rae8 20. Rfe1 Bd6 21. Bxd6 Nxd6 22. Nd2 b5 23. Re3 Rg4 24. Rh3 Reg8 25. Re2 h4 26. Nf3 Nf5 27. Kf1 a5 28. Ne1 Nd6 29. Nf3 Nf5 30. Ne1 Rf4+ 31. Rf2 Re4 32. Nd3 Kd6 33. Rff3 Reg4 34. Rf2 a4 35. Nf4 Rb8 36.
a3 Re8 37. Nh5 Rf8 38. Ke2 Re4+ 39. Kd2 Ke7 40. Nf4 Rg8 41. Nd3 Kd6 42. Nc5 Reg4 43. g3 hxg3 44. hxg3 Rxg3 45. Rh7 R3g7 46. Rxg7 Rxg7 47.
Rh2 Ne7 48. Nb7+ Kc7 49. Nc5 Kd6 50. Nb7+ Kd7 51. Nc5+ Kd6 1/2-1/2

[Event "Late-Titled-Tuesday-Blitz-June-04-2024"]
[Site "Chess.com"]
[Date "2024.06.04"]
[Round "2"]
[White "chessdjw"]
[Black "StellarChess"]
[Result "1-0"]
[WhiteElo "2771"]
[BlackElo "2530"]
[TimeControl "180+1"]
[EndTime "14:17:41 PDT"]
[Termination "chessdjw won by checkmate"]

1. e4 e5 2. Nf3 Nf6 3. Nxe5 d6 4.
Nf3 Nxe4 5. Bd3 Nf6 6. O-O Be7 7. c3 O-O 8. h3 h6 9. Bc2 d5 10. d4 Bd6 11. Ne5 Nbd7 12. Re1 Re8 13. Bf4 Nf8 14. Nd2 Be6 15. Qf3 Rc8 16. Nf1 Bxe5 17.
dxe5 N6d7 18. Rad1 Qe7 19. Ne3 c6 20. Qg3 Kh8 21. Nf5 Bxf5 22. Bxf5 Ne6 23. Bc1 Rcd8 24. f4 Ndf8 25. Bc2 d4 26. f5 Nc7 27. cxd4 Nd5 28. f6 gxf6 29. Bxh6 Ng6 30. e6 Rg8 31. Kh1 Kh7 32.
Qh4 f5 33. Qh5 Qh4 34. Qxh4 Nxh4 35. exf7 Rxg2 36. Bxf5+ Kxh6 37. Re8 Nf4 38. f8=Q+ Kg5 39. Rxd8 Nf3 40. Qg7+ Kh4 41. Qxg2 Nxg2 42. Kxg2 Ng5 43.
Rh8+ Nh7 44. Rxh7+ Kg5 45. Rf7 Kf4 46. Kf2 Kg5 47. Kg3 c5 48. h4+ Kh6 49. Rh7# 1-0

[Event "Late-Titled-Tuesday-Blitz-June-04-2024"]
[Site "Chess.com"]
[Date "2024.06.04"]
[Round "2"]
[White "Bryanl106"]
[Black "NajdorfPlayerc5"]
[Result "1-0"]
[WhiteElo "2725"]
[BlackElo "2432"]
[TimeControl "180+1"]
[EndTime "14:17:41 PDT"]
[Termination "Bryanl106 won by checkmate"]

1. e4 c5 2. Nf3 Nc6 3. d4 cxd4 4. Nxd4 Nf6 5. Nc3 e5 6. Ndb5 d6 7. Bg5 a6 8. Na3 b5 9. Nd5 Be7 10. Bxf6 Bxf6 11. c3 O-O 12. h4 Rb8 13. Nc2 a5 14. g3 b4 15. Be2 bxc3 16. bxc3 Be7 17. O-O Be6 18. Nce3 Qd7 19. Bg4 Rfc8 20. Qf3 Bd8 21.
Rad1 Ne7 22. Nxe7+ Bxe7 23. Bxe6 fxe6 24. c4 Bd8 25.
Rb1 Bb6 26. Rfc1 Bc5 27. Qe2 Qc6 28. Qd3 Qc7 29. Kg2 Rxb1 30. Rxb1 Rb8 31. Rb5 Rb6 32. a4 Bb4 33. Nc2 Rxb5 34. cxb5 Bc5 35. Qc4 Qd7 36. Ne1 Kf7 37. Nd3 Bd4 38. f4 d5 39.
exd5 exd5 40. Qxd4 exd4 41. Ne5+ Ke6 42. Nxd7 Kxd7 43. Kf2 Kd6 44. Ke2 h5 45. Kd3 Kc5 46. f5 Kb4 47. b6 Kc5 48. b7 Kb4 49. b8=Q+ Kxa4 50. Kc2 Ka3 51. Qb3# 1-0

[Event "Late-Titled-Tuesday-Blitz-June-04-2024"]
[Site "Chess.com"]
[Date "2024.06.04"]
[Round "2"]
[White "oskariot"]
[Black "duone"]
[Result "1/2-1/2"]
[WhiteElo "2689"]
[BlackElo "2379"]
[TimeControl "180+1"]
[EndTime "14:17:42 PDT"]
[Termination "Game drawn - insufficient material"]

1. e4 c5 2. Nf3 d6 3. d4 cxd4 4. Nxd4 Nf6 5. Nc3 Nc6 6. Bg5 e6 7. Qd2 Be7 8. O-O-O a6 9. f4 Bd7 10. Nf3 b5 11. Bxf6 Bxf6 12. Qxd6 Bxc3 13. bxc3 Rc8 14. f5 Qe7 15. g4 Qxd6 16. Rxd6 Ke7 17. Rd2 Na5 18. Ne5 Rhd8 19. Be2 Rxc3 20. Rhd1 Rc7 21.
g5 exf5 22. Nxd7 Rcxd7 23. exf5 Nc6 24. f6+ gxf6 25. gxf6+ Ke8 26. Rxd7 Rxd7 27. Rg1 Rd6 28. Rg8+ Kd7 29. Rg7 Rxf6 30. Rxh7 Nd4 31. Bd3 Ke7 32. h4 Rf2 33. h5 Kf6 34. Rh6+ Kg5 35. Rd6 Ne2+ 36.
Kb2 Nf4 37. Be4 Nxh5 38. Rxa6 Nf6 39. Bc6 Rf5 40. Ra5 b4 41. Rxf5+ Kxf5 42. Kb3 Ke5 43. Kxb4 Ng4 44. a4 Kd6 45. Kb5 Ne5 46. Be4 Kc7 47. a5 Nd7 48. c4 Nf6 49. Bf3 Nd7 50. a6 Kb8 51. c5 f5 52. Be2 f4 53. Bg4 Ne5 54. Bf5 f3 55. Bh3 f2 56. c6 Nf3 57.
a7+ Kxa7 58. c7 f1=Q+ 59. Bxf1 Kb7 60. Bg2 Kxc7 1/2-1/2

[Event "Late-Titled-Tuesday-Blitz-June-04-2024"]
[Site "Chess.com"]
[Date "2024.06.04"]
[Round "2"]
[White "rionelG"]
[Black "GiorgianBarbosa"]
[Result "1-0"]
[WhiteElo "2310"]
[BlackElo "2498"]
[TimeControl "180+1"]
[EndTime "14:17:43 PDT"]
[Termination "rionelG won on time"]

1. e4 c5 2. Nf3 g6 3. d4 cxd4 4.
Nxd4 Bg7 5. Nc3 Nc6 6. Nb3 Nf6 7. Be2 O-O 8. Be3 d6 9. f4 Na5 10. Nxa5 Qxa5 11. O-O Bd7 12. g4 Rac8 13. g5 Rxc3 14. bxc3 Nxe4 15. Bd4 Nxc3 16. Bxc3 Qxc3 17. Rb1 b6 18.
Qd3 Qc5+ 19. Kg2 Bf5 20. Qf3 Qxc2 21. Rbc1 Qxa2 22. Rc7 Qa4 23. Rxe7 Qd4 24. Rd1 Qa4 25. Rxd6 Rc8 26. Bd3 Bf8 27. Bxf5 gxf5 28. Rdd7 Bxe7 29.
Rxe7 Qc2+ 30. Kg3 Rc3 31. Re3 Rxe3 32. Qxe3 Qe4 33. Qxe4 fxe4 34. Kf2 a5 35. f5 1-0